 Dungeon Crawl Stone Soup version 0.29-a0-22-gbf593b16ee (webtiles) character file.

Game seed: 4429604821104255161

36 Sweetruy1997 the Firebug (level 3, -7/26 HPs)
             Began as a Draconian Fire Elementalist on Jan 29, 2022.
             Mangled by Terence (9 damage)
             ... on level 2 of the Dungeon.
             The game lasted 00:05:26 (1771 turns).

Sweetruy1997 the Firebug (DrFE)                     Turns: 1771, Time: 00:05:26

Health: -7/26      AC:  5    Str: 10    XL:     3   Next: 19%
Magic:  0/6        EV: 12    Int: 17    God:
Gold:   41         SH:  0    Dex: 11    Spells: 3/6 levels left

rFire   . . .      SeeInvis .   c - +0 short sword
rCold   . . .      Faith    .   (no shield)
rNeg    . . .      Spirit   .   (armour unavailable)
rPois   .          Reflect  .   (helmet restricted)
rElec   .          Harm     .   (no cloak)
rCorr   .          Rampage  .   (no gloves)
Will    +....                   (no boots)
Stlth   ++........              (no amulet)
HPRegen 0.08/turn               i - ring of willpower
MPRegen 0.10/turn               (no ring)

@: brilliant, very slightly contaminated
A: AC +5, unfitting armour, cold-blooded, mutation resistance 1
a: no special abilities


You were on level 2 of the Dungeon.
You visited 1 branch of the dungeon, and saw 2 of its levels.

You collected 41 gold pieces.

Inventory:

Hand Weapons
 c - a +0 short sword (weapon)
Jewellery
 i - a ring of willpower (left hand)
Scrolls
 b - a scroll of teleportation {unknown}
 e - a scroll of fear
 g - a scroll of identify {unknown}
 j - a scroll of noise {unknown}
Potions
 d - a potion of mutation
 f - a potion of heal wounds {unknown}
 h - a potion of degeneration {unknown}


   Skills:
 + Level 0.2 Fighting
 + Level 0.3 Short Blades
 - Level 2.0 Dodging
 + Level 1.9 Stealth
 + Level 2.4 Spellcasting
 + Level 1.0 Conjurations
 + Level 3.7 Fire Magic


You had 3 spell levels left.
You knew the following spells:

 Your Spells              Type           Power      Damage    Failure   Level
a - Foxfire               Conj/Fire      60%        2x1d7     7%          1
b - Scorch                Fire           44%        2d7       6%          2

Your spell library contained the following spells:

 Spells                   Type           Power      Damage    Failure   Level
 Conjure Flame            Conj/Fire      15%        6-21      22%         3
 Inner Flame              Hex/Fire       12%        N/A       26%         3
 Flame Wave               Conj/Fire      15%        2d6       56%         4


Dungeon Overview and Level Annotations

Branches:
Dungeon (2/15)

Altars:

Annotations:
D:2 Terence


Innate Abilities, Weirdness & Mutations

Your plain brown scales are hard. (AC +5)
You cannot fit into any form of body armour.
You are cold-blooded and may be slowed by cold attacks.
You are somewhat resistant to further mutation.


Message History

Terence hits you with a +0 mace.
* * * LOW HITPOINT WARNING * * *
Casting: Scorch (safe; 6% risk of failure)
Confirm with . or Enter, or press ? or * to list all spells.
You don't have enough magic to cast this spell.
It was a potion of mutation.
You feel extremely strange.
You feel genetically stable. Terence misses you.
Casting: Scorch (safe; 6% risk of failure)
Confirm with . or Enter, or press ? or * to list all spells.
You conjure some foxfire!
Terence hits you with a +0 mace.
* * * LOW HITPOINT WARNING * * *
The foxfire hits Terence.
Terence is severely wounded.
The foxfire hits Terence but does no damage.
Terence is severely wounded.
Terence barely misses you.
You closely miss Terence.
Terence is severely wounded.
Terence barely misses you.
It was a potion of brilliance.
You feel clever all of a sudden. Terence misses you.
Things that are here:
a +0 spear; 3 stones
Things that are here:
a +0 whip; 2 stones; a kobold corpse
Casting: Foxfire (safe; 7% risk of failure)
Confirm with . or Enter, or press ? or * to list all spells.
You feel a surge of power!
You miscast Foxfire.
You are very lightly contaminated with residual magic.
Nothing appears to happen.
Terence hits you but does no damage. Terence barely misses you.
There is a stone staircase leading down here.
Terence hits you with a +0 mace.
* * * LOW HITPOINT WARNING * * *
You barely miss Terence. You tail-slap Terence.
Terence is severely wounded.
Terence hits you with a +0 mace!
You die...

###.†# #.####..#
#.v§....# .
######.###### .#
#######...)).#####.##
.......>####.#......
#######.####.#.##.# #
#@#.........#.#
#@#.....).#...#
#.#..#.#....# .
#......##.#...#
###.....#.# .##
##.##.#.##.### #.#
.#......#
#..)...†....#
#.#####.....# .....#


You could see Terence.

Vanquished Creatures
  5 endoplasms (D:1)
  4 giant cockroaches (D:1)
  A goblin (D:1)
  A hobgoblin (D:2)
  3 jackals (D:2)
  2 quokkas (D:1)
  A ball python (D:1)
  4 bats (D:1)
  2 frilled lizards
  6 kobolds
  A rat (D:1)
30 creatures vanquished.

Vanquished Creatures (others)
  52 foxfires
  A fungus (D:2)
  2 plants (D:2)
55 creatures vanquished.

Grand Total: 85 creatures vanquished

Notes
Turn   | Place    | Note
-------+----------+-------------------------------------------
     0 | D:1      | Sweetruy1997 the Draconian Fire Elementalist began the
                  | quest for the Orb.
     0 | D:1      | Reached XP level 1. HP: 14/14 MP: 3/3
   480 | D:1      | Reached XP level 2. HP: 20/20 MP: 1/5
   875 | D:1      | Learned a level 2 spell: Scorch
  1593 | D:2      | Reached XP level 3. HP: 26/26 MP: 2/6
  1739 | D:2      | Noticed Terence
  1750 | D:2      | Gained mutation: You are somewhat resistant to further
                  | mutation. [potion of mutation]
  1771 | D:2      | Mangled by Terence

Illustrated notes

Levels and vault maps discovered:
D:1:      minmay_arrival_stone_box, layout_loops_ring, minmay_pentomino_o2
D:2:      layout_loops_cross, dreamdust_ecumenical_altar_grove, uniq_terence

Skill      XL: |  1  2 |
---------------+-------+-----
Dodging        | 2 |  2.0
Fighting       | |  0.2
Short Blades   | |  0.3
Stealth        | |  1.9
Spellcasting   | |  2.4
Conjurations   | |  1.0
Fire Magic     | |  3.7

Action                   || total
-------------------------++-------
Melee: Short sword       ||    37
       Unarmed           ||     1
       Tailslap          ||     3
 Cast: Foxfire           ||    35
       Scorch            ||    11
  Use: Scroll            ||     1
       Potion            ||     2
Armor: Skin              ||    17
Dodge: Dodged            ||    43

Table legend: (Time is in decaauts)
 A = Elapsed time spent in this place.
 B = Non-inter-level travel time spent in this place.
 C = Inter-level travel time spent in this place.
 D = Time resting spent in this place.
 E = Time spent auto-exploring this place.
 F = Levels seen in this place.
 G = Mean time per level.
                   A        B        C        D        E       F      G
               +--------+--------+--------+--------+--------+-----+--------+
         Total |   1775 |   1774 |      1 |    216 |   1330 |   2 |  887.5 |
       Dungeon |   1775 |   1774 |      1 |    216 |   1330 |   2 |  887.5 |
               +--------+--------+--------+--------+--------+-----+--------+

Top non-repeatable levels by time:
     D:1: 1579 daAuts
     D:2: 195 daAuts
